 Dungeon Crawl Stone Soup version 0.27.0-1-g7a089689b8 (webtiles) character file.

Game seed: 4340397628866955734

45865 Gwenloh the Devastator (level 14, -2/125 HPs)
             Began as a Black Draconian Conjurer on Aug 7, 2021.
             Was a Priest of Sif Muna.
             Slain by Kirke (8 damage)
             ... while paralysed by a sphinx
             ... on level 6 of the Lair of Beasts.
             The game lasted 02:04:58 (26401 turns).

Gwenloh the Devastator (Black Draconian Conjurer)  Turns: 26401, Time: 02:05:00

Health: -2/125     AC:  0    Str: 11    XL:     14   Next: 2%
Magic:  20/28      EV:  3    Int: 21    God:    Sif Muna [***...]
Gold:   1112       SH:  0    Dex: 11    Spells: 3/34 levels left

rFire    . . .     SeeInvis .   (weapon currently unavailable)
rCold    . . .     Faith    .   (shield currently unavailable)
rNeg     . . .     Spirit   .   (armour unavailable)
rPois    .         Reflect  .   (helmet currently unavailable)
rElec    .         Harm     .   (cloak currently unavailable)
rCorr    .         Rampage  .   (gloves currently unavailable)
Will     +....                  (boots currently unavailable)
Stlth    ++........             j - amulet of Vitality {Regen+ HP+15}
HPRegen  1.30/turn              (ring currently unavailable)
MPRegen  0.21/turn              (ring currently unavailable)

@: paralysed, pig-form, slowed, very quick
A: fast, no casting, (breathe lightning), AC +8, small, unfitting armour, (big
wings), (electricity resistance), (cold-blooded)
a: Renounce Religion, Channel Magic, Forget Spell


You were on level 6 of the Lair of Beasts.
You worshipped Sif Muna.
Sif Muna was most pleased with you.
You were a filthy swine.
You visited 2 branches of the dungeon, and saw 16 of its levels.

You collected 1112 gold pieces.

Inventory:

Hand Weapons
 l - a +0 dagger of pain
 n - a +2 dagger of venom
 s - the +3 whip "Erucw" (melded) {freeze, Dex+4}
   (You found it on level 4 of the Dungeon)

   It freezes those it strikes, dealing additional cold damage.
   It can also slow down cold-blooded creatures.
   Dex:       It affects your dexterity (+4).
 A - a +0 lajatang
Missiles
 F - a throwing net
Armour
 h - a +0 pair of gloves (melded)
 q - a +1 pair of boots of flying (melded)
 u - a +0 cloak (melded)
 P - a +1 hat of see invisible (melded)
Jewellery
 b - a ring of magical power (melded)
 d - a +4 ring of protection (melded)
 j - the amulet of Vitality (around neck) {Regen+ HP+15}
   (You found it on level 7 of the Dungeon)

   [amulet of regeneration]

   HP:        It affects your health (+15).
   Regen:     It increases your rate of health regeneration.
 o - a ring of resist corrosion
 x - a +4 ring of slaying
 C - a +4 ring of evasion
 O - a +6 ring of intelligence
 Q - a ring of protection from fire
 T - a ring of fire
Wands
 v - a wand of digging (4)
 y - a wand of paralysis (9)
 H - a wand of iceblast (21)
 K - a wand of polymorph (4)
 M - a wand of charming (12)
Scrolls
 a - 2 scrolls of teleportation
 g - 5 scrolls of fog
 p - 2 scrolls of blinking
 w - 5 scrolls of enchant armour
 E - 3 scrolls of vulnerability
 G - a scroll of enchant weapon
 J - 3 scrolls of fear
 L - 2 scrolls of torment
 U - a scroll of brand weapon {unknown}
 W - a scroll of magic mapping {unknown}
Potions
 c - 3 potions of lignification
 e - a potion of attraction {unknown}
 f - 4 potions of heal wounds {unknown}
 i - 4 potions of berserk rage
 k - 2 potions of degeneration {unknown}
 m - 7 potions of curing {unknown}
 r - 2 potions of flight {unknown}
 t - 2 potions of mutation {unknown}
 z - 2 potions of invisibility {unknown}
 B - 3 potions of might {unknown}
 D - a potion of magic {unknown}
 R - a potion of haste {unknown}
 S - a potion of resistance {unknown}
 X - a potion of brilliance {unknown}


   Skills:
 - Level 6.0 Fighting
 - Level 2.8 Dodging
 - Level 1.7 Stealth
 + Level 10.6 Spellcasting
 * Level 15.4 Conjurations
 - Level 3.0 Hexes
 - Level 3.0 Translocations
 - Level 5.0 Air Magic
 - Level 5.0 Earth Magic
 + Level 12.0 Invocations


You had 3 spell levels left.
You knew the following spells:

 Your Spells              Type           Power      Damage    Failure   Level
a - Magic Dart            Conj           100%       1d8       0%          1
b - Searing Ray           Conj           100%       3d7       0%          2
c - Dazzling Flash        Conj/Hex       98%        N/A       1%          3
d - Fulminant Prism       Conj/Hex       24%        3d13      1%          4
e - Iskenderun's Mystic   Conj/Tloc      49%        2d11      1%          4
f - Iron Shot             Conj/Erth      26%        9d6       14%         6
g - Starburst             Conj/Fire      21%        8x6d7     36%         6
h - Lightning Bolt        Conj/Air       26%        1d42      2%          5

Your spell library contained the following spells:

 Spells                   Type           Power      Damage    Failure   Level
 Apportation              Tloc           46%        N/A       1%          1
 Corona                   Hex            25%        N/A       1%          1
 Conjure Flame            Conj/Fire      43%        6-21      1%          3
 Stone Arrow              Conj/Erth      100%       3d13      1%          3
 Blink                    Tloc           N/A        N/A       2%          2
 Slow                     Hex            23%        N/A       2%          2
 Confusing Touch          Hex            23%        N/A       5%          3
 Animate Skeleton         Necr           22%        N/A       6%          1
 Beastly Appendage        Tmut           22%        N/A       6%          1
 Summon Small Mammal      Summ           44%        N/A       6%          1
 Wereblood                Tmut           11%        N/A       10%         2
 Spider Form              Tmut/Pois      5%         N/A       19%         3
 Vampiric Draining        Necr           5%         2d6       19%         3
 Sticky Flame             Conj/Fire      43%        2d6       2%          4
 Airstrike                Air            16%        N/A       8%          4
 Leda's Liquefaction      Hex/Erth       13%        N/A       12%         4
 Summon Lightning Spire   Summ/Air       21%        N/A       22%         4
 Lee's Rapid Deconstruct  Erth           16%        3d11*     22%         5
 Manifold Assault         Tloc           23%        N/A       45%         5
 Yara's Violent Unravell  Hex/Tmut       8%         3d5       67%         5
 Storm Form               Tmut/Air       10%        N/A       100%        7
 Borgnjor's Revivificati  Necr           5%         N/A       100%        8
 Necromutation            Tmut/Necr      5%         N/A       100%        8
 Death's Door             Necr           5%         N/A       100%        9
 Fire Storm               Conj/Fire      21%        8d6       100%        9


Dungeon Overview and Level Annotations

Branches:
Dungeon (10/15)            Temple (0/1) D:7            Lair (6/6) D:10
 Shoals (0/4) Lair:2       Spider (0/4) Lair:4        Slime (0/5) Lair:5
    Orc: D:9-12

Altars:
Elyvilon
Fedhas
Gozag
Kikubaaqudgha
Okawaru
Ru
Sif Muna
Uskayaw
Vehumet
Wu Jian
Yredelemnul
Zin

Shops:
D:4 :   D:8 [   D:10 **

Annotations:
D:4 3 runed translucent doors, Skimidon's ghost, weakling MiFi
D:9 3 runed translucent doors
Lair:2 exclusion: oklob plant
Lair:5 3 runed translucent doors, Adireryl's ghost, journeyman HOFi
Lair:6 Kirke


Innate Abilities, Weirdness & Mutations

You are a filthy swine.
You move quickly.
Your equipment is almost entirely melded.
You are incapable of wielding weapons or throwing items.
You cannot cast spells.
((You can breathe wild blasts of lightning.))
((Your glossy black scales are hard. (AC +8)))
You cannot fit into any form of body armour.
((Your large and strong wings let you fly.))
((You are resistant to electric shocks. (rElec)))
((You are cold-blooded and may be slowed by cold attacks.))


Message History

Kirke casts a spell at you.
You turn into a filthy swine.
The +3 whip "Erucw" {freeze, Dex+4} melds into your body.
Your +0 cloak melds into your body.
Your +1 hat of see invisible melds into your body.
Your +0 pair of gloves melds into your body.
Your +1 pair of boots of flying melds into your body.
Your +4 ring of protection melds into your body.
Your ring of magical power melds into your body.
The +3 whip "Erucw" {freeze, Dex+4} stops glowing.
You feel less perceptive.
You feel your magic capacity decrease.
You hear some strange, mumbled words.
Something summons a manticore!
The sphinx hits you. x2; The sphinx misses you.
You're too confused to move!
The lindwurm barely misses you. The lindwurm misses you.
The lindwurm claws you!
You hear some strange, mumbled words.
Deactivating autopickup; reactivate with Ctrl-A.
You feel yourself slow down.
The sphinx mumbles some strange words.
Something smites you!
You completely miss the lindwurm. The lindwurm bites you!
The lindwurm claws you! The lindwurm misses you.
The sphinx casts a spell.
You suddenly lose the ability to move!
The hog barely misses you. The lindwurm bites you.
The lindwurm claws you! x2; Something hits you!
The hog bites you! The sphinx hits you.
* * * LOW HITPOINT WARNING * * *
The sphinx hits you!
* * * LOW HITPOINT WARNING * * *
The sphinx hits you.
* * * LOW HITPOINT WARNING * * *
The manticore flicks its tail.
The volley of spikes hits something!
You feel less confused. The hog barely misses you.
The lindwurm breathes flames at you. The blast of flame hits you!
* * * LOW HITPOINT WARNING * * *
Something hits you!
You die...

..♣ ..♣ ♣.♣ ♣♣.♣
♣..♣ ♣♣..♣
♣♣♣♣H.♣♣ ♣..[h.♣
♣♣kh.♣♣ ♣♣♣
♣..H.♣ ..♣♣
♣♣...♣♣
...♣♣♣♣♣♣♣♣
♣...♣♣
..........♣♣♣..♣♣
..............♣♣
..<.....#......♣
........##.#.###
.........#####


You could see a sphinx (summoned), a manticore (summoned), a lindwurm (summoned,
catching breath) and a hog.

Vanquished Creatures
  Gastronok (Lair:2)
  2 boulder beetles
  Erolcha (D:9)
  7 hydras
  5 death yaks
  4 deep trolls (D:7)
  Pikel (D:5)
  A deep elf pyromancer (D:8)
  An oklob plant (Lair:1)
  A manticore (Lair:2)
  A cyclops (D:6)
  2 black mambas
  3 centaur zombies (D:10)
  6 elephants
  A gargoyle (D:6)
  12 cane toads
  A torpor snail (Lair:6)
  3 rime drakes
  Psyche (D:9)
  8 komodo dragons
  A wind drake (Lair:4)
  The ghost of Anothat the Shield-Bearer, an amateur GnFi (D:5)
  4 polar bears
  Grinder (D:5)
  13 blink frogs
  5 wyverns
  A spriggan (Lair:6)
  44 yaks
  A wraith (D:10)
  Sigmund (D:5)
  2 small abominations (Lair:6)
  2 basilisks
  A hog (Lair:6)
  A chaos spawn (Lair:6)
  A steam dragon (D:5)
  16 water moccasins
  2 sky beasts (D:5)
  A large abomination (Lair:6)
  An ice beast (D:7)
  A black bear (D:3)
  7 orc warriors
  5 necrophages
  2 ogres
  4 centaurs
  9 wolves
  A lemure (D:5)
  2 kobold brigands
  Blork the orc (D:6)
  15 bullfrogs
  5 scorpions
  A gnoll sergeant (D:9)
  7 killer bees
  5 wights
  5 howler monkeys
  2 bullfrog zombies
  3 hounds
  A jelly (D:8)
  3 bullfrog skeletons
  A centaur skeleton (D:7)
  7 orc priests
  2 gnoll shamans
  4 iguanas
  12 orc wizards
  A killer bee zombie (D:6)
  2 mummies (D:10)
  3 howler monkey zombies
  10 gnolls
  6 adders
  A shadow imp (D:6)
  2 ufetubi
  An adder skeleton (D:4)
  2 worms
  5 dart slugs
  29 orcs
  7 endoplasms
  2 giant cockroaches
  5 goblins
  8 hobgoblins
  7 jackals
  19 kobolds
  4 quokkas
  3 ball pythons (D:3)
  4 bats
  3 frilled lizards
  2 rats (D:1)
392 creatures vanquished.

Vanquished Creatures (others)
  42 fulminant prisms
  36 fungi
  48 plants
  A withered plant (D:10)
127 creatures vanquished.

Grand Total: 519 creatures vanquished

Notes
Turn   | Place    | Note
-------+----------+-------------------------------------------
     0 | D:1      | Gwenloh the Draconian Conjurer began the quest for the Orb.
     0 | D:1      | Reached XP level 1. HP: 14/14 MP: 3/3
   381 | D:1      | Reached XP level 2. HP: 10/22 MP: 0/5
  1030 | D:1      | Learned a level 2 spell: Searing Ray
  1034 | D:1      | Reached skill level 1 in Fighting
  1257 | D:1      | Reached XP level 3. HP: 28/28 MP: 3/6
  2062 | D:2      | Found a shimmering blue altar of Sif Muna.
  2070 | D:2      | Became a worshipper of Sif Muna the Loreminder
  2309 | D:2      | Learned a level 3 spell: Dazzling Flash
  3013 | D:3      | Noticed a black bear
  3017 | D:3      | Killed a black bear
  3018 | D:3      | Reached skill level 5 in Conjurations
  3018 | D:3      | Reached XP level 4. HP: 29/36 MP: 2/8
  3018 | D:3      | Reached XP level 5. HP: 33/41 MP: 2/9
  3338 | D:3      | Found a faded altar of an unknown god.
  3527 | D:3      | Reached * piety under Sif Muna
  4036 | D:3      | Reached XP level 6. HP: 50/50 MP: 8/10
  4257 | D:4      | Found Diusekh's Book Boutique.
  4391 | D:4      | Reached skill level 1 in Invocations
  4568 | D:4      | Found a runed translucent gate.
  4568 | D:4      | Found a runed translucent gate.
  4568 | D:4      | Found an opulent altar of Gozag.
  4568 | D:4      | Found a runed translucent gate.
  4569 | D:4      | Noticed Skimidon's ghost (weakling MiFi)
  4737 | D:4      | Your scales start taking on a glossy black colour.
  4737 | D:4      | Reached XP level 7. HP: 57/57 MP: 6/12
  4737 | D:4      | Gained mutation: You are resistant to electric shocks.
                  | (rElec) [Black Draconian growth]
  4883 | D:4      | Found a basalt altar of Yredelemnul.
  4883 | D:4      | Found a sacrificial altar of Ru.
  4884 | D:4      | Found a hide-covered altar of Uskayaw.
  5044 | D:4      | Identified the +3 whip "Erucw" {freeze, Dex+4}
  5261 | D:4      | Found an iron altar of Okawaru.
  5267 | D:4      | Learned a level 4 spell: Fulminant Prism
  5269 | D:4      | Found a radiant altar of Vehumet.
  5307 | D:5      | Entered Level 5 of the Dungeon
  5350 | D:5      | Reached skill level 6 in Conjurations
  5633 | D:5      | Reached skill level 1 in Hexes
  5750 | D:5      | Noticed Sigmund
  5818 | D:5      | Killed Sigmund
  6038 | D:5      | Reached XP level 8. HP: 64/64 MP: 6/14
  6075 | D:5      | Noticed Grinder
  6351 | D:5      | Noticed Pikel
  6361 | D:5      | Killed Pikel
  6362 | D:5      | Reached skill level 7 in Conjurations
  6362 | D:5      | Reached skill level 5 in Invocations
  6369 | D:5      | Learned a level 4 spell: Iskenderun's Mystic Blast
  6700 | D:5      | Reached ** piety under Sif Muna
  6701 | D:5      | Reached skill level 1 in Translocations
  6878 | D:5      | Killed Grinder
  6879 | D:5      | Reached skill level 5 in Spellcasting
  6879 | D:5      | Reached skill level 8 in Conjurations
  7293 | D:6      | Found a runed translucent gate.
  7293 | D:6      | Found a runed translucent gate.
  7294 | D:6      | Found a runed translucent gate.
  7405 | D:6      | Reached XP level 9. HP: 67/70 MP: 10/16
  7411 | D:6      | Noticed a gargoyle
  7787 | D:6      | Killed a gargoyle
  8082 | D:6      | Noticed Anothat's ghost (amateur GnFi)
  8367 | D:6      | Noticed a cyclops
  8382 | D:6      | Killed a cyclops
  8383 | D:6      | Reached skill level 9 in Conjurations
  8996 | D:6      | Noticed Blork the orc
  9045 | D:6      | Killed Blork the orc
  9328 | D:5      | Killed Anothat's ghost
  9426 | D:7      | Found a staircase to the Ecumenical Temple.
  9644 | D:7      | Reached XP level 10. HP: 80/80 MP: 11/19
  9860 | D:7      | Got the Incunabulum of the Dusty Arsonist
 10320 | D:7      | Reached *** piety under Sif Muna
 10415 | D:7      | Noticed a deep troll
 10823 | D:7      | Killed a deep troll
 10824 | D:7      | Reached skill level 5 in Fighting
 10824 | D:7      | Reached skill level 10 in Conjurations
 11070 | D:7      | Noticed a deep troll
 11081 | D:7      | Noticed a deep troll
 11107 | D:7      | Killed a deep troll
 11879 | D:7      | Killed a deep troll
 12132 | D:7      | Noticed a deep troll
 12211 | D:7      | Killed a deep troll
 12448 | D:7      | Found the amulet of Vitality {Regen+ HP+15}
 12597 | D:8      | Learned a level 6 spell: Iron Shot
 12901 | D:8      | Reached skill level 11 in Conjurations
 12910 | D:8      | Reached skill level 1 in Earth Magic
 13052 | D:8      | Reached XP level 11. HP: 84/89 MP: 8/21
 13303 | D:8      | Found Wafitum's Antique Armour Boutique.
 13379 | D:8      | Noticed a deep elf pyromancer
 13385 | D:8      | Killed a deep elf pyromancer
 13461 | D:8      | Found an ornate altar of the Wu Jian Council.
 13461 | D:8      | Found a glowing silver altar of Zin.
 13468 | D:8      | Found a faded altar of an unknown god.
 13470 | D:8      | Found a faded altar of an unknown god.
 13472 | D:8      | Found a white marble altar of Elyvilon.
 13933 | D:9      | Noticed Erolcha
 13947 | D:9      | Killed Erolcha
 14267 | D:9      | Noticed a brown ugly thing
 14268 | D:9      | Found a runed translucent gate.
 14268 | D:9      | Noticed a white ugly thing
 14269 | D:9      | Found a runed translucent gate.
 14269 | D:9      | Found a runed translucent gate.
 14269 | D:9      | Noticed a white ugly thing
 14270 | D:9      | Noticed a brown very ugly thing
 14270 | D:9      | Noticed a cyan ugly thing
 14284 | D:9      | Noticed Psyche
 14295 | D:9      | Killed Psyche
 14730 | D:9      | Noticed a boulder beetle
 14744 | D:9      | Killed a boulder beetle
 15078 | D:10     | Entered Level 10 of the Dungeon
 15354 | D:10     | Reached **** piety under Sif Muna
 15469 | D:10     | Found Xaym's General Store.
 15494 | D:10     | Found Ekipoca's Specific Store.
 15862 | D:10     | Reached skill level 12 in Conjurations
 15897 | D:10     | Found a staircase to the Lair.
 15927 | D:10     | Found a blossoming altar of Fedhas.
 16272 | Lair:1   | Entered Level 1 of the Lair of Beasts
 16789 | Lair:1   | Noticed a six-headed hydra
 16797 | Lair:1   | Killed a six-headed hydra
 16821 | Lair:1   | Reached XP level 12. HP: 56/96 MP: 18/24
 16984 | Lair:1   | Noticed an eight-headed hydra
 16993 | Lair:1   | Killed an eight-headed hydra
 17079 | Lair:1   | Found the +2 robe of Vines {NoPotionHeal Regen+++}
 17836 | Lair:1   | Reached skill level 13 in Conjurations
 17952 | Lair:2   | Noticed a six-headed hydra
 17958 | Lair:2   | Killed a six-headed hydra
 17959 | Lair:2   | Reached skill level 10 in Invocations
 18138 | Lair:2   | Noticed a four-headed hydra
 18204 | Lair:2   | Noticed Gastronok
 18218 | Lair:2   | Noticed a five-headed hydra
 18244 | Lair:2   | Killed Gastronok
 18595 | Lair:2   | Found an ancient bone altar of Kikubaaqudgha.
 18785 | Lair:2   | Found a staircase to the Shoals.
 19315 | Lair:3   | Killed a five-headed hydra
 19615 | Lair:3   | Killed a four-headed hydra
 19616 | Lair:3   | Reached skill level 5 in Earth Magic
 19894 | Lair:3   | Learned a level 6 spell: Starburst
 20121 | Lair:3   | Reached skill level 14 in Conjurations
 20401 | Lair:3   | Reached XP level 13. HP: 102/102 MP: 18/26
 20451 | Lair:3   | Learned a level 5 spell: Lightning Bolt
 21177 | Lair:4   | Found a hole to the Spider Nest.
 21323 | Lair:4   | Reached ***** piety under Sif Muna
 21324 | Lair:4   | Reached skill level 1 in Air Magic
 21975 | Lair:4   | Received a gift from Sif Muna
 21976 | Lair:4   | Got Sif Muna's Grimoire of Flamy Clay {god gift}
 22215 | Lair:4   | Reached skill level 10 in Spellcasting
 23085 | Lair:5   | Found a staircase to the Slime Pits.
 23291 | Lair:5   | Found a runed translucent gate.
 23291 | Lair:5   | Found a runed translucent gate.
 23291 | Lair:5   | Found a runed translucent gate.
 23292 | Lair:5   | Noticed a minotaur
 23294 | Lair:5   | Noticed Adireryl's ghost (journeyman HOFi)
 24620 | Lair:6   | Entered Level 6 of the Lair of Beasts
 24648 | Lair:6   | Reached skill level 15 in Conjurations
 25451 | Lair:6   | Identified the ring "Joahah" {Fire rElec}
 25595 | Lair:6   | Reached skill level 5 in Air Magic
 26071 | Lair:6   | Gained mutation: Your large and strong wings let you fly.
                  | [Black Draconian growth]
 26071 | Lair:6   | Reached XP level 14. HP: 110/110 MP: 28/28
 26387 | Lair:6   | Noticed Kirke
 26393 | Lair:6   | Noticed a sphinx
 26399 | Lair:6   | Paralysed by a sphinx for 4 turns
 26401 | Lair:6   | HP: 6/125 [lindwurm/blast of flame[Kirke] (17)]
 26401 | Lair:6   | Slain by Kirke

Illustrated notes

Levels and vault maps discovered:
D:1:      ncdulo_lavacross, layout_loops_corners, serial_aquarium,
          aquarium_bridge_square [aquarium_subvault_wall,
          aquarium_subvault_balcony, aquarium_subvault_bridge,
          aquarium_subvault_balcony], aquarium_bridge_long_separate
          [aquarium_subvault_bridge, aquarium_subvault_window,
          aquarium_subvault_window, aquarium_subvault_bridge,
          aquarium_subvault_window, aquarium_subvault_wall],
          aquarium_window_fake, aquarium_window_fake, aquarium_window_fake,
          aquarium_window_1, aquarium_view_2a, aquarium_view_2f,
          aquarium_balcony_3b, aquarium_pool_corner, minivault_14,
          minmay_domino_4
D:2:      layout_loops_corners, basic_altar, hangedman_decor_clover_reticule
D:3:      layout_basic, hellmonk_ecumenical_altar_blasted
D:4:      layout_basic, nicolae_overflow_hidden_temple, ebering_ghost_gozag,
          serial_shops, nicolae_stop_n_shop_2
D:5:      layout_basic, uniq_grinder, uniq_sigmund, uniq_pikel
D:6:      minmay_opposing_rooms, layout_loops_ring, gammafunk_ghost_split,
          kennysheep_potato, uniq_blork_the_orc
D:7:      layout_basic, minmay_temple_entry_mini_moons,
          hellmonk_guarded_unrand_vitality_bloodlust
D:8:      layout_rooms, chequers_temple_overflow_minitemple,
          kennysheep_windowed_goal
D:9:      layout_loops_ring, ploomutoo_gammafunk_ghost_potion_laboratory,
          uniq_psyche, uniq_erolcha
D:10:     layout_long_grid, nicolae_overflow_crystal_walls, lair_entry_dummy,
          serial_undead, serial_undead_f, serial_undead_b, serial_undead_f,
          serial_undead_e, nicolae_specific_store,
          chequers_serial_rivers_micro_d
Lair:1:   layout_hall_layers, hellmonk_guarded_unrand_vines, grunt_megastairs_5
Lair:2:   layout_loops_ring, minmay_shoals_entry_beasts, basic_altar,
          minmay_holes, minmay_lair_oklob_bushes, uniq_gastronok
Lair:3:   layout_gridlike
Lair:4:   layout_roguey, spider_nest_entry_web_field
Lair:5:   layout_cellular_growth, slime_dummy, maelrawn_ghost_gauntlet_escape
Lair:6:   hellmonk_lair_end_abyssal_woods, layout_big_grid, uniq_kirke

Skill      XL: |  1  2  3  4  5  6  7  8  9 10 11 12 13 |
---------------+----------------------------------------+-----
Dodging        | 2 |  2.8
Fighting       | 1 2 3 4 6 |  6.0
Conjurations   | 5 6 8 9 11 12 14 15 | 15.4
Spellcasting   | 3 4 5 6 7 8 9 10 | 10.6
Invocations    | 2 3 5 6 8 9 10 12 | 12.0
Hexes          | 2 3 |  3.0
Translocations | 1 3 |  3.0
Earth Magic    | 1 3 5 |  5.0
Air Magic      | 5 |  5.0
Stealth        | |  1.7

Action                   |  1- 3 |  4- 6 |  7- 9 | 10-12 | 13-15 || total
-------------------------+-------+-------+-------+-------+-------++-------
Melee: Unarmed           |    25 |       |       |     2 |     1 ||    28
       Tailslap          |     7 |     1 |     1 |    11 |     7 ||    27
       Dagger            |     5 |     8 |       |       |       ||    13
       Whip              |       |       |     5 |    53 |    38 ||    96
 Cast: Magic Dart        |    73 |    52 |    82 |   163 |    94 ||   464
       Searing Ray       |     5 |    18 |    56 |   135 |    69 ||   283
       Dazzling Flash    |       |       |     3 |     2 |     3 ||     8
       Fulminant Prism   |       |       |     4 |    30 |     8 ||    42
       Iskenderun's Myst |       |       |     5 |    20 |    12 ||    37
       Iron Shot         |       |       |       |     9 |    28 ||    37
       Starburst         |       |       |       |     3 |     2 ||     5
       Lightning Bolt    |       |       |       |       |    14 ||    14
       Fire Storm        |       |       |       |       |     1 ||     1
Invok: Channel Magic     |       |       |     1 |     6 |     3 ||    10
       Divine Exegesis   |       |       |       |       |     1 ||     1
 Abil: Breathe Lightning |       |       |     1 |    10 |     4 ||    15
Evoke: Wand              |       |       |       |     3 |     1 ||     4
  Use: Scroll            |       |       |     8 |     7 |     1 ||    16
Armor: Skin              |    13 |     3 |    33 |   148 |    75 ||   272
Dodge: Dodged            |    28 |    11 |    36 |   200 |    98 ||   373
